Map: Blackpink LE

Players

Broesl

  • Race: Terran Terran
  • League: Master
  • Spawn Location: 7:00

Demian - Winner!

  • Race: Zerg Zerg
  • Spawn Location: 1:00

VOD

Have the link to the VOD?

Description

Time

  • Played on: April 27, 2018, 6:44 p.m.
  • Length: 15:09
Show
View Real Time Build Order
Export as new Build Order

Broesl Terran 

Build Orders: Command Center First (CC), MMM Bio 

Get SALT Encoding   

  12  0:00  SCV  
  13  0:12  SCV  
  14  0:18  Supply Depot  
  14  0:24  SCV  
  15  0:39  SCV  
  16  0:51  SCV  
  17  1:03  SCV  
  18  1:05  Command Center  
  18  1:16  SCV  
  19  1:20  Barracks  
  19  1:28  SCV  
  20  1:34  Barracks  
  20  1:40  SCV  
  21  1:48  Refinery  
  21  1:52  SCV  
  22  1:59  Refinery  
  22  2:07  Marine, Orbital Command  
  23  2:16  Orbital Command  
  23  2:21  Marine  
  24  2:32  Barracks Reactor  
  24  2:41  Barracks Tech Lab  
  24  2:44  SCV x2  
  25  2:47  Bunker  
  26  2:55  Supply Depot  
  26  2:56  SCV x2  
  28  3:01  Marine, Factory  
  29  3:08  Marine x2  
  29  3:10  SCV  
  29  3:11  SCV  
  33  3:16  Stimpack  
  33  3:19  Marine  
  34  3:24  SCV x2  
  36  3:27  Marine x2  
  36  3:33  Supply Depot  
  38  3:36  Marine, SCV x2  
  41  3:45  Starport, Factory Reactor  
  41  3:47  Marine x2  
  41  3:48  SCV x2  
  45  3:56  Supply Depot  
  45  3:57  Supply Depot  
  45  4:00  SCV x2  
  47  4:04  Marine  
  47  4:05  Marine x2  
  50  4:12  SCV x2  
  52  4:19  Supply Depot  
  52  4:23  Supply Depot  
  52  4:24  Marine  
  52  4:25  Marine x2  
  52  4:28  SCV x2  
  52  4:29  Medivac x2  
  61  4:41  SCV x2  
  61  4:45  Marine x3  
  66  4:49  Command Center  
  66  4:55  Factory Tech Lab  
  66  4:57  Refinery  
  66  4:58  SCV x2, Refinery  
  68  5:10  Engineering Bay x2  
  68  5:12  SCV x2  
  68  5:13  Siege Tank  
  73  5:16  Viking  
  73  5:19  Combat Shields  
  75  5:23  Marine x3  
  74  5:53  Marine x3  
  74  5:54  Siege Tank  
  75  6:04  Medivac x2, Orbital Command  
  68  6:15  Barracks  
  68  6:16  Marine x2, Barracks x2  
  68  6:17  Marauder  
  72  6:28  Siege Tank  
  75  6:37  Marine x2, Concussive Shells  
  75  6:38  Marauder, SCV x2  
  75  6:39  SCV  
  82  6:40  Terran Infantry Weapons Level 1  
  82  6:42  Terran Infantry Armor Level 1  
  82  6:44  Orbital Command  
  82  6:55  Marine x2  
  82  6:59  Marine  
  85  7:01  Siege Tank  
  85  7:03  Barracks Reactor, Barracks  
  85  7:04  Barracks Reactor, Barracks  
  85  7:07  SCV  
  85  7:08  SCV  
  90  7:16  SCV  
  90  7:19  Refinery  
  90  7:20  Marauder, SCV x2  
  90  7:22  Barracks Reactor  
  95  7:23  Marine, Refinery  
  95  7:28  SCV  
  96  7:32  SCV x2  
  96  7:34  Marine  
  96  7:35  Medivac x2  
  99  7:40  Marine, SCV  
  101  7:46  Marine x4, SCV x2  
  101  7:47  Supply Depot  
  101  7:49  Supply Depot  
  107  7:52  Supply Depot  
  107  7:53  Supply Depot  
  107  7:56  Supply Depot  
  107  8:04  Supply Depot  
  107  8:05  Barracks Tech Lab x2  
  107  8:06  Marine x5, Marauder  
  107  8:07  Marine x3  
  107  8:08  Medivac, Siege Tank  
  107  8:10  Medivac  
  124  8:16  Supply Depot  
  124  8:17  Supply Depot  
  124  8:21  SCV x3  
  127  8:27  Armory  
  127  8:28  Marauder x2  
  127  8:30  Marauder  
  133  8:50  Marauder x2, Marine x3  
  133  8:51  Marine  
  133  8:52  Marauder  
  143  8:56  Marine x2  
  143  9:01  Marine  
  146  9:04  Supply Depot  
  146  9:11  Marauder x2  
  146  9:13  Marauder  
  152  9:26  Marine  
  152  9:27  Marine x5  
  158  9:33  Marauder x2  
  158  9:35  Marauder  
  140  9:46  Marine  
  140  9:47  Marine x7  
  140  9:48  Siege Tank  
  129  9:54  Marauder x2  
  129  9:56  Marauder  
  129  9:57  Medivac x2  
  139  10:04  Marine x2  
  139  10:05  Marine  
  137  10:15  Marauder  
  137  10:16  Marauder, Marine x4  
  137  10:17  Marine, Marauder  
  137  10:20  Terran Infantry Weapons Level 2, Siege Tank  
  151  10:22  Marine x3, Terran Infantry Armor Level 2  
  151  10:28  Terran Vehicle Weapons Level 1  
  154  10:34  Marine x4  
  158  10:52  Marauder x2, Marine x2  
  166  11:18  Marauder  
  166  11:19  Marine x7, Marauder x2  
  166  11:20  Marine, Siege Tank  
  166  11:21  Medivac x2  
  185  11:25  Ghost Academy  
  185  11:28  Barracks  
  185  11:30  Barracks  
  183  11:43  Marauder, Marine  
  183  11:44  Marauder x2, Marine x6  
  183  11:45  Marine  
  191  11:51  Medivac x2  
  195  11:55  Factory  
  195  11:56  Siege Tank  
  198  12:05  Marauder, Personal Cloaking  
  200  12:18  Command Center  
  200  12:23  Command Center  
  200  12:30  Barracks Tech Lab x2  
  175  12:57  Marauder x4  
  175  12:58  Marauder, Marine x2  
  185  12:59  Marine x5  
  185  13:00  Marine  
  185  13:01  Thor  
  185  13:04  Factory Tech Lab  
  146  13:55  Marauder x5  
  133  13:56  Marine x7  
  133  13:58  Thor  
  133  13:59  Thor  
  150  14:16  Marauder  
  150  14:17  Marauder x4, Marine  
  150  14:18  Marine x6  
  160  14:37  Marauder  
Show
View Real Time Build Order
Export as new Build Order

Demian Zerg - Winner!

Build Orders: Pool First 

Get SALT Encoding   

  12  0:01  Drone  
  13  0:08  Drone  
  14  0:17  Overlord  
  14  0:22  Extractor  
  14  0:23  Drone  
  15  0:35  Drone x2  
  17  0:44  Spawning Pool  
  17  0:47  Drone  
  17  0:55  Drone  
  18  1:05  Drone  
  19  1:14  Hatchery  
  19  1:17  Drone  
  19  1:31  Zergling x2, Extractor, Queen  
  21  1:37  Drone  
  22  1:48  Overlord  
  22  1:58  Hatchery  
  21  2:07  Queen  
  23  2:10  Drone  
  24  2:19  Drone  
  24  2:21  Drone  
  26  2:26  Drone  
  26  2:28  Queen  
  29  2:32  Drone  
  30  2:38  Evolution Chamber  
  30  2:42  Drone  
  30  2:43  Drone  
  30  2:48  Drone  
  31  2:56  Drone  
  32  3:03  Drone  
  33  3:06  Zerg Ground Armor Level 1  
  33  3:10  Drone x2  
  33  3:11  Drone x2  
  33  3:12  Drone  
  38  3:14  Drone  
  39  3:22  Drone x2  
  39  3:25  Overlord  
  41  3:31  Overlord  
  41  3:44  Drone x8  
  49  3:50  Drone x3  
  52  3:57  Drone x2  
  52  4:00  Overlord  
  54  4:04  Overlord  
  54  4:14  Metabolic Boost  
  54  4:22  Overlord  
  54  4:23  Drone  
  54  4:24  Drone x9  
  59  4:27  Hatchery  
  63  4:32  Queen x2  
  63  4:33  Queen  
  69  4:41  Extractor  
  69  4:43  Extractor  
  69  4:44  Drone  
  69  4:45  Zergling x4  
  69  4:46  Zergling x8  
  74  4:54  Drone  
  74  4:55  Overlord x2  
  74  4:57  Zergling x8  
  79  5:04  Zerg Melee Weapons Level 1  
  79  5:06  Zergling x2  
  79  5:07  Zergling x2  
  81  5:10  Overlord x2  
  81  5:13  Overlord x3  
  81  5:17  Lair  
  81  5:22  Zergling x12  
  87  5:33  Zergling x10  
  90  5:40  Zergling x6  
  90  5:45  Queen  
  81  5:50  Hatchery  
  81  5:55  Queen  
  74  6:00  Drone x4  
  76  6:09  Drone  
  76  6:10  Overlord  
  76  6:11  Overlord  
  77  6:15  Lair  
  75  6:19  Drone x2  
  75  6:20  Baneling Nest  
  75  6:21  Drone x2  
  78  6:26  Extractor  
  77  6:36  Hatchery  
  77  6:38  Zergling x32  
  92  6:45  Drone  
  93  6:50  Zergling x6  
  93  6:51  Extractor  
  95  6:55  Drone x3  
  98  7:03  Zergling x2  
  98  7:04  Zergling x10  
  104  7:08  Queen  
  104  7:10  Zerg Ground Armor Level 2  
  104  7:14  Zergling x18  
  104  7:15  Evolution Chamber  
  114  7:16  Pneumatized Carapace  
  114  7:17  Infestation Pit  
  113  7:26  Drone x3  
  113  7:27  Drone x2  
  114  7:30  Overlord  
  114  7:34  Overlord, Centrifical Hooks  
  114  7:36  Zergling x10  
  119  7:47  Overlord  
  119  7:49  Zerg Melee Weapons Level 2  
  119  7:50  Zergling x18  
  119  7:51  Zergling x2  
  129  7:58  Overseer x2  
  129  8:01  Queen  
  129  8:03  Drone x10  
  141  8:06  Drone x3  
  141  8:07  Extractor x2, Drone x2  
  143  8:18  Queen  
  143  8:19  Overlord x3  
  145  8:23  Hive  
  145  8:30  Drone  
  146  8:36  Drone  
  146  8:40  Hatchery  
  146  8:43  Extractor, Drone x2  
  146  8:44  Drone  
  146  8:47  Zergling x28  
  162  8:50  Drone  
  162  8:54  Zergling x10  
  168  9:01  Baneling x5  
  168  9:02  Baneling x10  
  168  9:17  Zergling x28  
  168  9:18  Zergling x4  
  168  9:19  Zergling x2  
  176  9:24  Baneling  
  176  9:25  Baneling x12  
  168  9:44  Zergling x2  
  168  9:45  Zergling x44  
  158  9:50  Zerg Ground Armor Level 3  
  152  9:54  Adrenal Glands  
  145  10:01  Drone x6  
  145  10:02  Drone x3  
  145  10:03  Drone  
  130  10:15  Ultralisk Cavern  
  130  10:19  Queen  
  131  10:26  Zergling x4  
  131  10:27  Zergling x36  
  131  10:28  Zergling x2  
  152  10:30  Extractor x2  
  150  10:37  Zerg Melee Weapons Level 3  
  150  10:39  Baneling  
  150  10:40  Baneling x21  
  150  10:41  Baneling x2  
  150  10:50  Drone x2  
  144  11:13  Drone  
  144  11:14  Drone  
  145  11:18  Spire  
  145  11:19  Ultralisk x6  
  180  11:34  Ultralisk x3  
  180  11:38  Drone  
  199  11:46  Chitinous Plating  
  198  11:55  Spire  
  198  12:00  Hatchery  
  196  12:21  Zergling x6  
  199  12:32  Burrow  
  199  12:35  Overseer x4  
  182  12:49  Zergling x14  
  182  12:50  Zergling x44  
  200  13:06  Overlord x2  
  200  13:12  Zerg Flyer Weapons Level 1  
  200  13:13  Zerg Flyer Armor Level 1  
  200  13:25  Baneling x8  
  200  13:26  Baneling x30  
  200  13:27  Baneling x20  
  197  13:40  Zergling x22  
  169  13:49  Zergling x44  
  169  13:50  Zergling x34  
  196  14:03  Corruptor x2  
  198  14:34  Corruptor  
Tags
 
Add a new tag
Caveats
  • Supply blocks, unpowered buildings, or Contaminate may cause inaccurate times.
  • Supply counts are checked every 10 seconds.